 Dungeon Crawl Stone Soup version 0.30.1-11-g7821555f0a (webtiles) character file.

Game seed: 2043180636583106726

252 forehead the Chopper (level 6, -1/50 (51) HPs)
             Began as a Hill Orc Reaver on Nov 6, 2023.
             Slain by a killer bee (8 damage)
             ... on level 4 of the Dungeon on Nov 11, 2023.
             The game lasted 00:30:03 (3237 turns).

forehead the Chopper (Hill Orc Reaver)              Turns: 3237, Time: 00:30:04

HP:   -1/50 (51)    AC:  7    Str: 15    XL:     6   Next: 14%
MP:   11/12         EV: 16    Int: 19    God:
Gold: 304           SH:  0    Dex: 11    Spells: 10/13 levels left

rFire   . . .        w - +2 dagger (venom)
rCold   . . .        (no shield)
rNeg    + . .        p - +2 leather armour {rN+}
rPois   .            y - +0 helmet
rElec   .            (no cloak)
rCorr   .            (no gloves)
SInv    .            C - +0 pair of boots
Will    .....        (no amulet)
Stlth   +            l - +6 ring of intelligence
HPRegen 0.28/turn    x - +5 ring of evasion
MPRegen 0.13/turn

%: no passive effects
@: lethally poisoned (-1 -> -6), lightly drained
A: no striking features
a: no special abilities


You were on level 4 of the Dungeon.
You visited 1 branch of the dungeon, and saw 4 of its levels.

You collected 304 gold pieces.

Inventory:

Hand Weapons
 a - a +0 hand axe
 c - a +1 whip of electrocution
 m - a +2 dagger of speed
 w - a +2 dagger of venom (weapon)
Missiles
 d - 36 stones
Armour
 b - a +0 leather armour
 e - a +0 kite shield
 p - a +2 leather armour of positive energy (worn)
 y - a +0 helmet (worn)
 C - a +0 pair of boots (worn)
Jewellery
 l - a +6 ring of intelligence (left hand)
 x - a +5 ring of evasion (right hand)
Scrolls
 f - a scroll of blinking {unknown}
 g - a scroll of identify {unknown}
 k - a scroll of fear {unknown}
 o - 3 scrolls of noise
 r - 2 scrolls of amnesia
 t - a scroll of enchant weapon {unknown}
 B - a scroll of fog {unknown}
Potions
 h - 2 potions of curing {unknown}
 i - a potion of berserk rage {unknown}
 j - a potion of flight {unknown}
 n - a potion of ambrosia {unknown}
 q - a potion of mutation {unknown}
 s - a potion of heal wounds {unknown}
 u - a potion of lignification {unknown}
 v - a potion of degeneration {unknown}
 z - a potion of might {unknown}
 A - a potion of resistance {unknown}


   Skills:
 - Level 3.4 Fighting
 + Level 5.3 Axes
 - Level 1.5 Dodging
 * Level 4.0 Spellcasting
 - Level 3.0 Conjurations


You had 10 spell levels left.
You knew the following spells:

 Your Spells              Type           Power      Damage    Failure   Level
a - Kiss of Death         Conj/Necr      36%        2d8       9%          1
b - Momentum Strike       Conj/Tloc      18%        3d8       14%         2

Your spell library contained the following spells:

 Spells                   Type           Power      Damage    Failure   Level
 Blink                    Tloc           6%         N/A       26%         2
 Lesser Beckoning         Tloc           6%         N/A       26%         2
 Hailstorm                Conj/Ice       9%         3d4       26%         3
 Ignite Poison            Fire/Tmut/Pois 3%         N/A       45%         3
 Sticky Flame             Conj/Fire      9%         2d3       65%         4
 Ignition                 Fire           1%         3d3       100%        8


Dungeon Overview and Level Annotations

Branches:
Dungeon (4/15)
 Temple: D:4-7

Altars:
Fedhas
Vehumet
Yredelemnul


Message History

Welcome back, forehead the Hill Orc Reaver.
The killer bee buzzes angrily.
Here: a killer bee The floor.
You can't see any susceptible monsters within range! (Use Z to cast anyway.)
You don't know that spell.
You don't know that spell.
A killer bee comes into view.
You barely miss the killer bee.
The killer bee buzzes angrily.
The killer bee stings you.
You are poisoned.
The killer bee poisons you! The killer bee closely misses you.
Okay, then.
You feel very sick. The killer bee misses you.
You feel sick. The killer bee stings you.
* * * LOW HITPOINT WARNING * * *
The killer bee attacks as you move away!
The killer bee closely misses you.
You feel sick. The killer bee misses you.
The killer bee attacks as you move away!
The killer bee closely misses you.
You feel sick. The killer bee stings you.
* * * LOW HITPOINT WARNING * * *
The killer bee attacks as you move away!
The killer bee stings you.
* * * LOW HITPOINT WARNING * * *
You are more poisoned.
The killer bee poisons you!
* * * LOW HITPOINT WARNING * * *
You feel very sick.
The killer bee stings you but does no damage.
The killer bee attacks as you move away!
The killer bee closely misses you.
You feel sick. The killer bee barely misses you.
The killer bee attacks as you move away!
The killer bee stings you but does no damage.
You feel sick. The killer bee misses you.
The killer bee attacks as you move away!
The killer bee stings you!
You die...

###########
##########.........#
#........#.##.##.#.#
#.######.#.##.##.#.#
#.###..........#.#.#
#........#.##......#
#####....#.##..<...########
#.......####............
#.....y@........########
#.....y.######.## ##
###..y### #.# #. #.y.# #.#
#. ##.## #+# # #.# #.# #.
##.## #. ##...#### ##.


You could see 4 killer bees.

Vanquished Creatures
  2 killer bees (D:4)
  An iguana (D:4)
  Robin (D:3)
  4 gnolls (D:2)
  A dart slug (D:3)
  3 orcs (D:2)
  5 ball pythons
  3 endoplasms
  2 giant cockroaches (D:1)
  14 goblins
  9 hobgoblins
  4 jackals (D:2)
  2 quokkas (D:1)
  4 bats (D:1)
  5 frilled lizards
  14 kobolds
  8 rats
82 creatures vanquished.

Notes
Turn   | Place    | Note
-------+----------+-------------------------------------------
     0 | D:1      | forehead the Hill Orc Reaver began the quest for the Orb.
     0 | D:1      | Reached XP level 1. HP: 18/18 MP: 3/3
    81 | D:1      | Reached XP level 2. HP: 25/25 MP: 5/5
   554 | D:1      | Reached XP level 3. HP: 29/29 MP: 6/6
   848 | D:1      | You fall into a shaft and drop 1 floor!
  1457 | D:2      | Reached XP level 4. HP: 38/38 MP: 8/8
  1468 | D:2      | Learned a level 2 spell: Momentum Strike
  2021 | D:3      | Noticed Robin
  2035 | D:3      | Killed Robin
  2036 | D:3      | Reached XP level 5. HP: 32/45 MP: 9/9
  2582 | D:4      | Found a basalt altar of Yredelemnul.
  2583 | D:4      | Found a radiant altar of Vehumet.
  2584 | D:4      | Found a blossoming altar of Fedhas.
  3212 | D:4      | Reached skill level 5 in Axes
  3214 | D:4      | Reached XP level 6. HP: 33/50 MP: 8/12
  3237 | D:4      | Slain by a killer bee

Illustrated notes

Levels and vault maps discovered:
D:1:      dpeg_arrival_rooms_c, layout_basic, lexackson_kobold_supper
D:2:      layout_rooms, guppyfry_early_orc_mine
D:3:      layout_basic, uniq_robin
D:4:      layout_loops_corners, gammafunk_temple_overflow_forgotten

Skill      XL: |  1  2  3  4  5 |
---------------+----------------+-----
Spellcasting   | 2 3 4 |  4.0
Fighting       | 3 |  3.4
Axes           | 5 |  5.3
Dodging        | |  1.5
Conjurations   | |  3.0

Action                     |  1- 3 |  4- 6 || total
---------------------------+-------+-------++-------
  Melee: Hand axe          |    15 |       ||    15
         Whip              |    43 |       ||    43
         Dagger            |   123 |   110 ||   233
         Punch             |     2 |     1 ||     3
  Throw: Stone             |       |    13 ||    13
   Cast: Kiss of Death     |     1 |     1 ||     2
         Momentum Strike   |       |     1 ||     1
    Use: Scroll            |       |     2 ||     2
 Armour: Leather armour    |    31 |    16 ||    47
  Dodge: Dodged            |    80 |    51 ||   131
